 Dungeon Crawl Stone Soup version 0.28.0-53-g5a82cb258f (webtiles) character file.

Game seed: 4388854876922463193

163 SanguineChosen the Covered (level 5, -3/33 HPs)
             Began as a Gargoyle Fighter on July 9, 2022.
             Killed from afar by an orc wizard (8 damage)
             ... with a puff of flame
             ... on level 4 of the Dungeon.
             The game lasted 00:10:08 (3881 turns).

SanguineChosen the Covered (Gargoyle Fighter)       Turns: 3881, Time: 00:10:08

Health: -3/33      AC: 11    Str: 21    XL:     5   Next: 44%
Magic:  5/5        EV:  9    Int:  9    God:
Gold:   83         SH:  0    Dex:  9    Spells: 4/4 levels left

rFire   . . .      SeeInvis .   a - +0 flail
rCold   . . .      Faith    .   c - +0 buckler
rNeg    + . .      Spirit   .   b - +0 scale mail
rPois   ∞          Reflect  .   (no helmet)
rElec   +          Harm     .   (no cloak)
rCorr   .          Rampage  .   (no gloves)
Will    .....                   (no boots)
Stlth   ..........              (no amulet)
HPRegen 0.11/turn               (no ring)
MPRegen 0.09/turn               (no ring)

@: confused, mighty
A: sickness immunity, AC +4, negative energy resistance 1, electricity
resistance, torment resistance 1, petrification resistance
a: no special abilities


You were on level 4 of the Dungeon.
You visited 1 branch of the dungeon, and saw 4 of its levels.

You collected 209 gold pieces.
You spent 126 gold pieces at shops.

Inventory:

Hand Weapons
 a - a +0 flail (weapon)
Missiles
 j - 4 poisoned darts (quivered)
Armour
 b - a +0 scale mail (worn)
 c - a +0 buckler (worn)
Scrolls
 f - 2 scrolls of identify
 k - a scroll of silence {unknown}
 l - a scroll of enchant armour
Potions
 g - a potion of mutation {unknown}
 i - a potion of lignification {unknown}


   Skills:
 + Level 3.6 Fighting
 + Level 4.0 Maces & Flails
 + Level 4.3 Armour
 - Level 0.5 Dodging
 + Level 0.4 Stealth
 + Level 3.8 Shields


You had 4 spell levels left.
You didn't know any spells.
Your spell library contained the following spells:

 Spells                   Type           Power      Damage    Failure   Level
 Magic Dart               Conj           0%         1d3       80%         1
 Searing Ray              Conj           0%         2d4       91%         2
 Fulminant Prism          Conj/Hex       0%         3d6       100%        4


Dungeon Overview and Level Annotations

Branches:
Dungeon (4/15)
 Temple: D:4-7

Altars:

Shops:
D:1 ?


Innate Abilities, Weirdness & Mutations

You are immune to sickness and miasma.
Your stone body is resilient. (AC +4)
You are immune to poison.
You resist negative energy. (rN+)
You are resistant to electric shocks. (rElec)
You are resistant to unholy torment.
You are immune to petrification.


Message History

You feel very mighty all of a sudden. Something hits you but does no damage.
You're too confused to move!
Something hits you but does no damage.
You bump into the rock wall.
Something hits you but does no damage.
You hear some strange, mumbled words.
A puff of flame appears from out of thin air!
Something blocks the puff of flame.
You bump into the rock wall.
Something hits you.
* * * LOW HITPOINT WARNING * * *
You're too confused to move!
You feel less confused. Something hits you but does no damage.
You barely miss something. Something hits you but does no damage.
You hit something. Something hits you but does no damage.
You miss something. Something hits you.
* * * LOW HITPOINT WARNING * * *
Something hits you.
* * * LOW HITPOINT WARNING * * *
An orc wizard appears from thin air!
Reactivating autopickup.
The orc wizard points at you and mumbles some strange words.
You resist with some effort.
You sock the orc wizard!
You kill the orc wizard!
You hear some strange, mumbled words.
Deactivating autopickup; reactivate with Ctrl-A.
You are confused.
Your Maces & Flails skill increases to level 4!
You bump into the rock wall.
You hear some strange, mumbled words.
You are more confused.
You bump into the rock wall.
You're too confused to move!
Something hits you but does no damage.
You bump into the rock wall.
Something hits you but does no damage. Something hits you but does no damage.
You miss something.
You hear some strange, mumbled words.
A puff of flame appears from out of thin air!
The puff of flame hits you!
You die... ### #<# #.# #######{# #oooo.o@#

#o#######
#######.########
.......o.oo.....
########oo......
#o.......
#†.......
.........
#.........


You could see 6 orcs.

Vanquished Creatures
  An orc wizard (D:4)
  4 gnolls (D:2)
  4 adders
  5 dart slugs
  2 orcs (D:3)
  6 ball pythons
  4 endoplasms
  A giant cockroach (D:3)
  4 goblins
  5 hobgoblins
  5 jackals
  A quokka (D:4)
  A bat (D:2)
  4 frilled lizards
  6 rats
53 creatures vanquished.

Notes
Turn   | Place    | Note
-------+----------+-------------------------------------------
     0 | D:1      | SanguineChosen the Gargoyle Fighter began the quest for the
                  | Orb.
     0 | D:1      | Reached XP level 1. HP: 14/14 MP: 1/1
   173 | D:1      | Reached XP level 2. HP: 12/19 MP: 2/2
   492 | D:1      | Found Qokirita's Magic Scroll Shop.
   648 | D:1      | Reached XP level 3. HP: 23/23 MP: 3/3
  1723 | D:2      | Reached XP level 4. HP: 17/28 MP: 4/4
  1945 | D:2      | Found a faded altar of an unknown god.
  3015 | D:3      | Reached XP level 5. HP: 30/32 MP: 5/5
  3684 | D:1      | Bought a scroll of identify for 22 gold pieces
  3684 | D:1      | Bought a scroll of enchant armour for 82 gold pieces
  3684 | D:1      | Bought a scroll of identify for 22 gold pieces
  3881 | D:4      | Killed from afar by an orc wizard

Illustrated notes

Levels and vault maps discovered:
D:1:      dpeg_arrival_castle, layout_basic, serial_shops, shop, st_stairs_8
D:2:      layout_loops_cross, nicolae_ecumenical_lake_church, minmay_octomino_j4
D:3:      layout_loops_corners, wander_ebering_terrifying_dragon_lair
D:4:      layout_basic, grunt_qazlal_sundering, serial_glass, glass_columns_b,
          glass_columns_a, minmay_crystal_room, minmay_liquid_box,
          uniq_crazy_yiuf_cottage

Skill      XL: |  1  2  3  4  5 |
---------------+----------------+-----
Maces & Flails | 3 4 |  4.0
Armour         | 4 |  4.3
Fighting       | |  3.6
Dodging        | |  0.5
Stealth        | |  0.4
Shields        | |  3.8

Action                   |  1- 3 |  4- 6 || total
-------------------------+-------+-------++-------
Melee: Flail             |    87 |   131 ||   218
  Use: Potion            |       |     3 ||     3
       Scroll            |       |     2 ||     2
Armor: Scale mail        |    51 |    77 ||   128
Dodge: Dodged            |    45 |    52 ||    97
Block: Buckler           |    22 |    21 ||    43
